 Dungeon Crawl Stone Soup version 0.21.1-1-g345015f (webtiles) character file.

186 torrenera the Ogre Mage (level 5, -25/81 HPs)
             Began as an Ogre Wizard on Apr 10, 2018.
             Killed from afar by an orc (32 damage)
             ... with an exploding inner flame
             ... hexed by the player character
             ... on level 3 of the Dungeon.
             The game lasted 00:09:27 (3114 turns).

torrenera the Ogre Mage (Ogre Wizard)               Turns: 3114, Time: 00:09:28

Health: -25/81     AC:  5    Str: 17    XL:     5   Next: 65%
Magic:  13/13      EV: 10    Int: 19    God:
Gold:   106        SH:  0    Dex: 11    Spells: 6/16 levels left

rFire    . . .     SeeInvis .   a - +3 dagger (drain)
rCold    . . .     Gourm    .   (no shield)
rNeg     . . .     Faith    .   r - +2 animal skin
rPois    .         Spirit   .   p - +0 hat
rElec    .         Reflect  .   (no cloak)
rCorr    .         Harm     .   (gloves unavailable)
MR       .....                  (boots unavailable)
Stlth    ..........             (no amulet)
HPRegen  0.23/turn              l - +4 ring of dexterity
MPRegen  0.13/turn              (no ring)

@: berserking, very quick
A: large, unfitting armour, tough skin 1
a: no special abilities


You were on level 3 of the Dungeon.
You were not hungry.

You visited 1 branch of the dungeon, and saw 3 of its levels.

You collected 106 gold pieces.

Inventory:

Hand Weapons
 a - a +3 dagger of draining (weapon)
 b - a +0 hunting sling
 g - a +0 flail
Missiles
 o - 68 stones (quivered)
 u - 6 javelins
Armour
 p - a +0 hat (worn)
 r - a +2 animal skin (worn)
Jewellery
 e - an uncursed amulet of guardian spirit {unknown}
 f - an uncursed amulet of magic regeneration {unknown}
 l - a +4 ring of dexterity (left hand)
Wands
 q - a wand of digging (15)
 t - a wand of random effects (27)
Scrolls
 n - a scroll of remove curse
 s - 3 scrolls of magic mapping
 w - a scroll of noise
Potions
 i - a potion of flight {unknown}
 j - a potion of lignification {unknown}
 k - a potion of brilliance {unknown}
 x - a potion of berserk rage
Books
 c - a book of Minor Magic

   Spells                             Type                      Level
   a - Magic Dart                     Conjuration                  1
   b - Blink                          Translocation                2
   c - Call Imp                       Summoning                    2
   d - Slow                           Hexes                        2
   e - Conjure Flame                  Conjuration/Fire             3
   f - Mephitic Cloud                 Conjuration/Poison/Air       3
Comestibles
 d - 7 rations
 v - 6 chunks of flesh


   Skills:
 * Level 3.7 Fighting
 - Level 1.7 Dodging
 - Level 1.4 Stealth
 + Level 6.0 Spellcasting
 - Level 0.8 Conjurations
 - Level 0.8 Summonings
 - Level 0.8 Translocations


You had 6 spell levels left.
You knew the following spells:

 Your Spells              Type           Power        Failure   Level  Hunger
a - Magic Dart            Conj           #...         8%          1    None
b - Blink                 Tloc           N/A          12%         2    None
c - Call Imp              Summ           #.......     12%         2    None
d - Slow                  Hex            #.......     17%         2    None
e - Conjure Flame         Conj/Fire      #.......     28%         3    ##.....


Dungeon Overview and Level Annotations

Branches:
Dungeon (3/15)

Altars:


Innate Abilities, Weirdness & Mutations

You are too large for most types of armour.
You have tough skin. (AC +1)


Message History

Your +2 dagger of draining glows red for a moment.
The orc hits you.
* * * LOW HITPOINT WARNING * * *
As you read the scroll labeled FEWUCA QOFUOSU, it crumbles to dust.
The scroll dissolves into smoke.
It was a scroll of fog.
The orc barely misses you. x2
It was a potion of berserk rage.
A red film seems to cover your vision as you go berserk!
You feel yourself moving faster!
You feel mighty! The orc hits you.
* * * LOW HITPOINT WARNING * * *
The orc closely misses you.
You sense an unholy aura.
a - a +3 dagger of draining (weapon)
You feel a strong urge to attack something.
You puncture the orc!
The orc explodes!
The fiery explosion engulfs the orc.
The orc explodes!
The fiery explosion engulfs you!
You die...

*** ###* ,,* ############ #..,
*,********** #§§§.......# #.##
*,,,,,,,,,,*** #@§§.......# #.#.
*****,,,,,,,,**#§§§.......####.#.
,,,,,,,,,.goo(.§§§§..............
*****,,,,(o..###...(..........)..
****<,,,,oo,,* #............[.#).
,,,*,,,,,,,,,* #...........##)#..
,,,,,,,,,,,,,* #...........##.#..
,,,**,,,,,,,,* #..........###÷)..
**,**,,,,,,,,**#..........# ####.


There were no monsters in sight!

Vanquished Creatures
  2 orc wizards (D:3)
  Robin (D:2)
  2 adders (D:2)
  3 worms
  A dart slug (D:1)
  2 leopard geckos
  2 orcs (D:3)
  4 giant cockroaches
  8 hobgoblins
  12 jackals
  5 bats
  A frilled lizard (D:1)
  18 goblins
  3 kobolds (D:2)
  A quokka skeleton (D:2)
  5 rats
70 creatures vanquished.

Vanquished Creatures (collateral kills)
  Terence (D:2)
1 creature vanquished.

Grand Total: 71 creatures vanquished

Notes
Turn   | Place    | Note
-------+----------+-------------------------------------------
     0 | D:1      | torrenera the Ogre Wizard began the quest for the Orb.
     0 | D:1      | Reached XP level 1. HP: 16/16 MP: 5/5
   110 | D:1      | Reached skill level 4 in Spellcasting
   110 | D:1      | Reached XP level 2. HP: 12/26 MP: 0/7
   124 | D:1      | Reached skill level 1 in Fighting
   731 | D:1      | Reached XP level 3. HP: 24/33 MP: 1/9
  1074 | D:1      | Learned a level 2 spell: Blink
  1077 | D:1      | Learned a level 2 spell: Call Imp
  1080 | D:1      | Learned a level 2 spell: Slow
  1084 | D:1      | Learned a level 3 spell: Conjure Flame
  1359 | D:2      | Noticed Robin
  1668 | D:1      | Reached skill level 5 in Spellcasting
  1778 | D:2      | Killed Robin
  1778 | D:2      | Reached XP level 4. HP: 17/42 MP: 0/11
  2067 | D:2      | Noticed Terence
  2124 | D:2      | Killed Terence
  2734 | D:2      | Reached XP level 5. HP: 52/52 MP: 13/13
  3052 | D:3      | Reached skill level 6 in Spellcasting
  3114 | D:3      | Killed from afar by an orc

Skill      XL: |  1  2  3  4  5 |
---------------+----------------+-----
Spellcasting   | 4 5 6 |  6.0
Fighting       | 1 2 3 |  3.7
Dodging        | |  1.7
Stealth        | |  1.4
Conjurations   | |  0.8
Summonings     | |  0.8
Translocations | |  0.8

Action                   |  1- 3 |  4- 6 || total
-------------------------+-------+-------++-------
Melee: Unarmed           |    46 |       ||    46
       Whip              |    47 |    21 ||    68
       Club              |     1 |       ||     1
       Flail             |       |    22 ||    22
       Dagger            |       |    55 ||    55
 Fire: Hunting sling     |       |    28 ||    28
 Cast: Magic Dart        |    75 |    33 ||   108
       Call Imp          |       |     3 ||     3
       Blink             |       |     2 ||     2
  Use: Scroll            |       |     6 ||     6
       Potion            |       |     1 ||     1
 Stab: Sleeping          |       |     1 ||     1
  Eat: Chunk             |     3 |     4 ||     7
Armor: Robe              |    42 |     7 ||    49
       Animal skin       |       |    29 ||    29
Dodge: Dodged            |    77 |    61 ||   138
